 Dungeon Sprint DCSS version 0.21.1-1-g345015f (webtiles) character file.

112 sexinstructor the Fighter (level 4, -1/37 HPs)
             Began as a Gargoyle Fighter on Apr 7, 2018.
             Was an Initiate of Okawaru.
             Slain by a death yak (7 damage)
             ... in the Dungeon (Sprint VII: "The Pits").
             The game lasted 00:11:09 (712 turns).

sexinstructor the Fighter (Gargoyle Fighter)         Turns: 712, Time: 00:11:09

Health: -1/37      AC: 15    Str: 21    XL:     4   Next: 93%
Magic:  4/4        EV:  5    Int:  8    God:    Okawaru [......]
Gold:   0          SH:  9    Dex:  9    Spells: 3/3 levels left

rFire    . . .     SeeInvis .   a - +0 war axe
rCold    . . .     Gourm    .   c - +0 shield
rNeg     + . .     Faith    .   q - +3 chain mail
rPois    ∞         Spirit   .   (no helmet)
rElec    +         Reflect  .   (no cloak)
rCorr    .         Harm     .   (no gloves)
MR       .....     NoTele   +   (no boots)
Stlth    ..........             (no amulet)
HPRegen  0.12/turn              (no ring)
MPRegen  0.09/turn              (no ring)

@: no status effects
A: negative energy resistance 1, electricity resistance, unbreathing,
petrification resistance, rot immunity, AC +3
a: Renounce Religion


You were in the Dungeon.
You worshipped Okawaru.
Okawaru was noncommittal.
You were not hungry.

You visited 1 branch

Inventory:

Hand Weapons
 a - a +0 war axe (weapon)
 l - a +0 flail of protection
Armour
 b - a +0 scale mail
 c - a +0 shield (worn)
 q - a +3 chain mail (worn)
Scrolls
 k - a scroll of blinking
 n - 3 scrolls of remove curse
 o - 5 scrolls of amnesia
 p - a scroll of summoning
Potions
 d - a potion of might
 e - 6 potions of curing
 g - 5 potions of heal wounds
 h - a potion of haste
 i - 4 potions of magic
 j - 3 potions of berserk rage
 m - 2 potions of invisibility
Comestibles
 f - 9 rations
 r - a chunk of flesh


   Skills:
 + Level 9.8 Fighting
 - Level 3.5 Axes
 - Level 3.5 Armour
 - Level 3.5 Shields


You had 3 spell levels left.
You didn't know any spells.

Dungeon Overview and Level Annotations

Branches:
Dungeon (1/1)

Altars:
Ashenzari
Cheibriados
Dithmenos
Elyvilon
Fedhas
Gozag
Hepliaklqana
Kikubaaqudgha
Makhleb
Nemelex Xobeh
Okawaru
Qazlal
Ru
Sif Muna
Trog
Uskayaw
Vehumet
Wu Jian
Xom
Yredelemnul
Zin
The Shining One
Beogh
Jiyva
Lugonu


Innate Abilities, Weirdness & Mutations

You are resistant to torment.
Your stone body is resilient. (AC +3)
You are immune to poison.
You resist negative energy. (rN+)
You are resistant to electric shocks. (rElec)
You can survive without breathing.
You are immune to petrification.
You are immune to rotting.


Message History

You open the door.
A death yak comes into view.
The death yak bellows!
You slash the death yak!
The death yak is lightly wounded.
The death yak gores you but does no damage.
You hit the death yak but do no damage.
The death yak is lightly wounded.
The death yak barely misses you.
You hit the death yak.
The death yak is lightly wounded.
You block the death yak's attack. The death yak gores you!
You hit the death yak but do no damage.
The death yak is lightly wounded.
The death yak gores you!
* * * LOW HITPOINT WARNING * * *
You slash the death yak!
The death yak is moderately wounded.
The death yak gores you!
You die...

#.#........##.......#
#'###########.......#
#.......# #########
#..###..# #.......#
##.###.##+#
#.......#.+
#..###..#Y#
#.......)@#
###########


You could see a death yak.

Vanquished Creatures
  A gnoll shaman (D)
  An iron imp (D)
  A mummy (D)
  2 gnolls (D)
  A white imp (D)
  A worm (D)
  A leopard gecko (D)
  A bat (D)
  A goblin (D)
  A hobgoblin (D)
  A kobold (D)
  A quokka (D)
  A frilled lizard (D)
  A leopard gecko skeleton (D)
  A rat (D)
16 creatures vanquished.

Notes
Turn   | Place    | Note
-------+----------+-------------------------------------------
     0 | D        | sexinstructor the Gargoyle Fighter began the quest for the Orb.
     0 | D        | Reached XP level 1. HP: 14/14 MP: 1/1
    50 | D        | Found a bloodstained altar of Trog.
    50 | D        | Found a deep blue altar of Sif Muna.
    50 | D        | Found a viscous altar of Jiyva.
    50 | D        | Found a hazy altar of Hepliaklqana.
    50 | D        | Found an opulent altar of Gozag.
    51 | D        | Found a glowing golden altar of the Shining One.
    51 | D        | Found a glowing silver altar of Zin.
    51 | D        | Found a basalt altar of Yredelemnul.
    51 | D        | Found a shimmering altar of Xom.
    51 | D        | Found an ornate altar of the Wu Jian Council.
    51 | D        | Found a sacrificial altar of Ru.
    51 | D        | Found a stormy altar of Qazlal.
    51 | D        | Found an iron altar of Okawaru.
    51 | D        | Found a sparkling altar of Nemelex Xobeh.
    51 | D        | Found a burning altar of Makhleb.
    51 | D        | Found a blossoming altar of Fedhas.
    51 | D        | Found a white marble altar of Elyvilon.
    51 | D        | Found a shadowy altar of Dithmenos.
    51 | D        | Found a snail-covered altar of Cheibriados.
    53 | D        | Found a radiant altar of Vehumet.
    53 | D        | Found a corrupted altar of Lugonu.
    53 | D        | Found a roughly hewn altar of Beogh.
    54 | D        | Found a hide-covered altar of Uskayaw.
    54 | D        | Found an ancient bone altar of Kikubaaqudgha.
    54 | D        | Found a shattered altar of Ashenzari.
    59 | D        | Became a worshipper of Warmaster Okawaru
    87 | D        | Reached skill level 5 in Fighting
    87 | D        | Reached XP level 2. HP: 21/21 MP: 2/2
   299 | D        | Reached XP level 3. HP: 27/27 MP: 3/3
   356 | D        | Reached skill level 6 in Fighting
   492 | D        | Reached skill level 7 in Fighting
   492 | D        | Reached XP level 4. HP: 25/35 MP: 4/4
   501 | D        | Reached skill level 8 in Fighting
   704 | D        | Reached skill level 9 in Fighting
   707 | D        | Noticed a death yak
   712 | D        | Slain by a death yak

Skill      XL: |  1  2  3  4 |
---------------+-------------+-----
Axes           | 2 3 |  3.5
Fighting       | 5 7 9 |  9.8
Armour         | |  3.5
Shields        | |  3.5

Action                   |  1- 3 |  4- 6 || total
-------------------------+-------+-------++-------
Melee: War axe           |    65 |    30 ||    95
  Use: Potion            |       |     1 ||     1
Armor: Scale mail        |    31 |       ||    31
       Chain mail        |     1 |    14 ||    15
Dodge: Dodged            |    21 |     3 ||    24
Block: Shield            |    33 |     6 ||    39
